 Dungeon Crawl Stone Soup version 0.28.0-62-gf88900778d (webtiles) character file.

Game seed: 10094184104184847779

190 cbfl8 the Chopper (level 5, -2/46 HPs)
             Began as a Minotaur Fighter on July 8, 2023.
             Slain by an orc
             ... wielding a +0 war axe
              (3 damage)
             ... on level 4 of the Dungeon.
             The game lasted 00:01:57 (2784 turns).

cbfl8 the Chopper (Minotaur Fighter)                Turns: 2784, Time: 00:01:57

Health: -2/46      AC:  8    Str: 21    XL:     5   Next: 41%
Magic:  1/1        EV:  9    Int:  5    God:
Gold:   168        SH:  4    Dex: 11    Spells: 4/4 levels left

rFire   . . .      SeeInvis .   i - +1 war axe (antimagic)
rCold   . . .      Faith    .   c - +0 buckler
rNeg    + . .      Spirit   .   b - +0 scale mail
rPois   .          Reflect  .   (helmet restricted)
rElec   .          Harm     .   (no cloak)
rCorr   .          Rampage  .   (no gloves)
Will    .....                   a - +0 pair of boots
Stlth   ..........              (no amulet)
HPRegen 0.15/turn               g - ring of positive energy
MPRegen 0.07/turn               (no ring)

@: no status effects
A: horns 2, retaliatory headbutt
a: no special abilities


You were on level 4 of the Dungeon.
You visited 1 branch of the dungeon, and saw 4 of its levels.

You collected 168 gold pieces.

Inventory:

Hand Weapons
 i - a +1 antimagic war axe (weapon)
Missiles
 h - 5 javelins (quivered)
Armour
 a - a +0 pair of boots (worn)
 b - a +0 scale mail (worn)
 c - a +0 buckler (worn)
Jewellery
 g - a ring of positive energy (left hand)
Scrolls
 k - a scroll of fog {unknown}
 l - a scroll of acquirement {unknown}
 m - 2 scrolls of identify {unknown}
 n - a scroll of blinking {unknown}
Potions
 d - a potion of might
 e - 2 potions of attraction {unknown}
 f - a potion of haste {unknown}
 j - a potion of cancellation {unknown}
 o - a potion of curing {unknown}
 p - a potion of ambrosia {unknown}


   Skills:
 + Level 4.2 Fighting
 + Level 4.4 Axes
 * Level 2.0 Throwing
 + Level 4.2 Armour
 + Level 0.4 Dodging
 + Level 0.1 Stealth
 + Level 4.2 Shields
 * Level 1.3 Evocations


You had 4 spell levels left.
You didn't know any spells.
Your spell library contained the following spells:

 Spells                   Type           Power      Damage    Failure   Level
 Animate Dead             Necr           0%         N/A       100%        4
 Haunt                    Necr/Summ      0%         N/A       100%        7
 Infestation              Necr           0%         N/A       100%        8


Dungeon Overview and Level Annotations

Branches:
Dungeon (4/15)
 Temple: D:4-7

Altars:
Dithmenos
Zin

Annotations:
D:2 1 runed translucent door, Crazy Yiuf


Innate Abilities, Weirdness & Mutations

You have a pair of horns on your head.
You reflexively headbutt those who attack you in melee.


Message History

No target in view!
Unknown command.
No target in view!
A goblin and 3 orcs come into view.
Found a fuming clear potion.
Found a stone staircase leading up.
The goblin shouts!
The orc shouts! x4; You hear a shout!
An ogre comes into view. It is wielding a +0 giant club.
There is an open door here.
Items here: $ ( ) ?.
The ogre shouts!
The orc hits you with a +0 short sword. The orc hits you but does no damage.
There is an open door here.
Items here: $ ( ) ?.
There is a stone staircase leading up here.
The goblin barely misses you.
You climb upwards.
There is a stone staircase leading down here.
You hit the goblin.
You kill the goblin!
No target in view!
No target in view!
You start resting.
HP restored.
You start waiting.
Done waiting.
You climb downwards.
The orc hits you but does no damage. x2
The orc barely misses you. The orc hits you but does no damage.
Space warps around you. The orc hits you but does no damage.
The orc barely misses you. The orc closely misses you.
There is a stone staircase leading up here.
The ogre hits you with a +0 giant club!!
Ouch! That really hurt!
The orc hits you with a +1 war axe of distortion.
Space warps horribly around you!
* * * LOW HITPOINT WARNING * * *
The orc hits you with a +0 short sword.
* * * LOW HITPOINT WARNING * * *
The orc barely misses you. The orc hits you with a +0 war axe.
You die...

#........# #....#.....
#........# #†...#.....
#........# ###....#.....
####'##### #......#.....
#.##### #####......#.....
#.....####..(.......).....
#...................######
#.....###oo.........#
#.....# #@O.........#
#.....# #oo.........#
#.....# #......##......
#.....# #.#######.#####
#.....# #÷# #.#
#####.###.# #.# #.....#
#.# #.##### #.#


You could see an ogre and 4 orcs.

Vanquished Creatures
  A bullfrog skeleton (D:4)
  An iguana (D:4)
  8 adders
  3 orcs
  3 ball pythons
  10 bats
  5 endoplasms
  4 giant cockroaches
  2 goblins
  5 hobgoblins
  2 quokkas
  4 frilled lizards
  11 kobolds
  6 rats
65 creatures vanquished.

Notes
Turn   | Place    | Note
-------+----------+-------------------------------------------
     0 | D:1      | cbfl8 the Minotaur Fighter began the quest for the Orb.
     0 | D:1      | Reached XP level 1. HP: 19/19 MP: 0/0
   418 | D:1      | Reached XP level 2. HP: 23/27 MP: 1/1
   940 | D:2      | Found a faded altar of an unknown god.
   952 | D:2      | Reached XP level 3. HP: 33/33 MP: 2/2
   967 | D:2      | Reached skill level 1 in Throwing
  1200 | D:2      | Reached XP level 4. HP: 40/40 MP: 1/3
  1292 | D:2      | Found a runed translucent door.
  1293 | D:2      | Noticed Crazy Yiuf
  1869 | D:3      | Reached skill level 1 in Evocations
  1950 | D:3      | Found a glowing silver altar of Zin.
  2010 | D:3      | Found a shadowy altar of Dithmenos.
  2415 | D:4      | Reached XP level 5. HP: 37/46 MP: 1/4
  2636 | D:4      | Noticed an ogre
  2784 | D:4      | HP: 1/46 [orc/+0 short sword (4)]
  2784 | D:4      | Slain by an orc

Illustrated notes

Levels and vault maps discovered:
D:1:      shiori_arrival_oz, layout_loops_ring
D:2:      layout_basic, chequers_ecumenical_altar_simple, minmay_between,
          uniq_crazy_yiuf_cottage
D:3:      layout_basic, mainiacjoe_overflow_alcove_1,
          mainiacjoe_overflow_tiny_flanked
D:4:      layout_basic, mainiacjoe_overflow_surrounded_room, uniq_pikel

Skill      XL: |  1  2  3  4  5 |
---------------+----------------+-----
Fighting       | 4 |  4.2
Shields        | 4 |  4.2
Throwing       | 1 2 |  2.0
Axes           | 3 4 |  4.4
Armour         | 4 |  4.2
Evocations     | 1 |  1.3
Dodging        | |  0.4
Stealth        | |  0.1

Action                   |  1- 3 |  4- 6 || total
-------------------------+-------+-------++-------
Melee: War axe           |    72 |    62 ||   134
       Headbutt          |     7 |     7 ||    14
Armor: Scale mail        |    44 |    34 ||    78
Dodge: Dodged            |    31 |    29 ||    60
Block: Buckler           |    19 |    11 ||    30
